 Dungeon Crawl Stone Soup version 0.30-a0-576-g89cddaab80 (webtiles) character file.

Game seed: 16606551370978602005

68 Twinkles the Ruffian (level 4, -2/42 HPs)
             Began as a Troll Gladiator on Dec 30, 2022.
             Was a Believer of Fedhas.
             Slain by Sigmund
             ... wielding a +0 scythe
              (4 damage)
             ... on level 3 of the Dungeon.
             The game lasted 00:03:11 (1106 turns).

Twinkles the Ruffian (Troll Gladiator)              Turns: 1106, Time: 00:03:11

Health: -2/42      AC:  4    Str: 24    XL:     4   Next: 1%
Magic:  1/3        EV: 10    Int:  4    God:    Fedhas [**....]
Gold:   143        SH:  0    Dex: 11    Spells: 3/3 levels left

rFire   . . .      SeeInvis .      - Unarmed
rCold   . . .      Faith    .    (no shield)
rNeg    . . .      Spirit   .    a - +0 robe
rPois   .          Reflect  .    b - +0 hat
rElec   .          Harm     .    (no cloak)
rCorr   .          Rampage  .    (gloves unavailable)
Will    .....                    (boots unavailable)
Stlth   +                        (no amulet)
HPRegen 1.07/turn                (no ring)
MPRegen 0.08/turn                (no ring)

@: no status effects
A: large, unfitting armour, claws 3, regeneration 1, shaggy fur 1, tough skin 1
a: Renounce Religion, Wall of Briars


You were on level 3 of the Dungeon.
You worshipped Fedhas.
Fedhas was pleased with you.
You visited 1 branch of the dungeon, and saw 3 of its levels.

You collected 143 gold pieces.

Inventory:

Missiles
 c - 3 throwing nets (quivered)
 d - a large rock
Armour
 a - a +0 robe (worn)
 b - a +0 hat (worn)
Scrolls
 e - 2 scrolls of identify {unknown}
 f - 2 scrolls of immolation {unknown}
 h - a scroll of vulnerability {unknown}
 j - a scroll of noise {unknown}
 k - a scroll of amnesia {unknown}
 m - a scroll of enchant weapon {unknown}
 p - a scroll of fear {unknown}
Potions
 i - 2 potions of attraction {unknown}
 l - a potion of flight {unknown}
 n - a potion of mutation {unknown}
 o - a potion of cancellation {unknown}
 q - a potion of might {unknown}
 J - a potion of curing


   Skills:
 + Level 2.2 Fighting
 - Level 2.1 Throwing
 + Level 2.9 Dodging
 * Level 3.8 Unarmed Combat


You had 3 spell levels left.
You didn't know any spells.
Your spell library contained the following spells:

 Spells                   Type           Power      Damage    Failure   Level
 Kiss of Death            Conj/Necr      0%         2d5       50%         1
 Sandblast                Erth           0%         2d4       50%         1
 Passwall                 Tmut/Erth      0%         N/A       65%         2
 Confusing Touch          Hex            0%         N/A       86%         3
 Stone Arrow              Conj/Erth      0%         3d7       86%         3
 Dispel Undead            Necr           0%         3d6       99%         4


Dungeon Overview and Level Annotations

Branches:
Dungeon (3/15) Zot: 16898

Altars:
Fedhas

Annotations:
D:3 Sigmund


Innate Abilities, Weirdness & Mutations

You are too large for most types of armour.
You have claws for hands.
Your natural rate of healing is unusually fast.
You are covered in fur. (AC +1)
You have tough skin. (AC +1)


Message History

You walk carefully through the plants.
The frilled lizard attacks as you move away!
The frilled lizard bites you but does no damage.
Sigmund screams, "Only death can liberate you!"
Sigmund mumbles some strange words.
Sigmund flickers and vanishes!
The frilled lizard barely misses you.
The frilled lizard bites your briar patch but does no damage.
The frilled lizard is struck by your briar patch's thorns.
The frilled lizard dies!
Fedhas appreciates your contribution to the ecosystem.
The orc hits your briar patch but does no damage.
The orc hits your briar patch but does no damage.
Something hits your briar patch.
You are confused.
You're too confused to move!
It was a potion of curing.
You feel better.
J - a potion of curing You hear some strange, mumbled words.
A puff of flame appears from out of thin air!
The puff of flame hits you!
You miss something. You miss something. Something hits you.
Something hits you but does no damage.
You claw something! Something hits you but does no damage. Something hits you.
You scratch something but do no damage.
You hear some strange, mumbled words.
Something tries to affect you, but you resist.
You miss something. Something hits you but does no damage. Something hits you.
You scratch something but do no damage. Something completely misses you.
Something hits you.
* * * LOW HITPOINT WARNING * * *
You closely miss something. Something hits you.
* * * LOW HITPOINT WARNING * * *
You miss something.
You hear some strange, mumbled words.
A magic dart appears from out of thin air!
The magic dart hits you!
* * * LOW HITPOINT WARNING * * *
Something hits you.
You die...
Fedhas appreciates your contribution to the ecosystem.

### ...## #####
..... ...#
..$..#####.####
......#{oP....#
.......o##.##.#
........##.##.#
............o.#
....#...#.#{{@#
...##>...###..###.#
..# #...## ##.....#
.. #.##.###..#####
...###.#...#
..........#..#
.........)...#
.##########..#
.........# #.


You could see an orc.

Vanquished Creatures
  2 adders (D:2)
  3 dart slugs
  2 worms
  4 ball pythons
  A giant cockroach (D:1)
  5 goblins
  7 hobgoblins
  3 quokkas
  2 frilled lizards
  7 kobolds
  2 rats
38 creatures vanquished.

Vanquished Creatures (collateral kills)
  A frilled lizard (D:3)
1 creature vanquished.

Grand Total: 39 creatures vanquished

Notes
Turn   | Place    | Note
-------+----------+-------------------------------------------
     0 | D:1      | Twinkles the Troll Gladiator began the quest for the Orb.
     0 | D:1      | Reached XP level 1. HP: 19/19 MP: 0/0
   125 | D:1      | Reached XP level 2. HP: 28/28 MP: 1/1
   233 | D:1      | Found a faded altar of an unknown god.
   248 | D:1      | Prayed at the altar of an unknown god.
   248 | D:1      | Became a worshipper of Fedhas Madash
   248 | D:1      | Reached * piety under Fedhas
   669 | D:2      | Reached XP level 3. HP: 21/35 MP: 2/2
   962 | D:2      | Reached ** piety under Fedhas
  1075 | D:3      | Noticed Sigmund
  1084 | D:3      | HP: 7/35 [Sigmund/+0 scythe (5)]
  1085 | D:3      | Reached XP level 4. HP: 8/42 MP: 3/3
  1104 | D:3      | HP: 11/42 [something (3)]
  1106 | D:3      | HP: 2/42 [something/magic dart (8)]
  1106 | D:3      | Slain by Sigmund

Illustrated notes

Levels and vault maps discovered:
D:1:      dpeg_arrival_pits, layout_loops_ring,
          shapermc_ecumenical_altar_starsandcircs
D:2:      layout_rooms
D:3:      layout_loops_ring, ebering_ghost_reflecting_pool,
          uniq_crazy_yiuf_cottage, uniq_ijyb, uniq_sigmund, uniq_jessica

Skill      XL: |  1  2 |
---------------+-------+-----
Throwing       | 2 |  2.1
Fighting       | 2 |  2.2
Dodging        | |  2.9
Unarmed Combat | |  3.8

Action                   |  1- 3 |  4- 6 || total
-------------------------+-------+-------++-------
Melee: Unarmed           |    87 |     8 ||    95
       Punch             |     3 |       ||     3
Invok: Wall of Briars    |       |     1 ||     1
  Use: Potion            |       |     1 ||     1
 Stab: Sleeping          |     1 |       ||     1
Armor: Robe              |    27 |     4 ||    31
Dodge: Dodged            |    31 |     5 ||    36

Table legend: (Time is in decaauts)
 A = Elapsed time spent in this place.
 B = Non-inter-level travel time spent in this place.
 C = Inter-level travel time spent in this place.
 D = Time resting spent in this place.
 E = Time spent auto-exploring this place.
 F = Levels seen in this place.
 G = Mean time per level.
                   A        B        C        D        E       F      G
               +--------+--------+--------+--------+--------+-----+--------+
         Total |   1100 |   1050 |     50 |      0 |    793 |   3 |  366.7 |
       Dungeon |   1100 |   1050 |     50 |      0 |    793 |   3 |  366.7 |
               +--------+--------+--------+--------+--------+-----+--------+

Top non-repeatable levels by time:
     D:2: 511 daAuts
     D:1: 508 daAuts
     D:3: 81 daAuts
